 Dungeon Crawl Stone Soup version 0.31-a0-145-g046c7d2549 (webtiles) character file.

Game seed: 18330236189919752986

4677 wayreth the Grappler (level 10, 0/79 HPs)
             Began as a Demonspawn Berserker on June 5, 2023.
             Was a Priest of Trog.
             Slain by a steam dragon (4 damage)
             ... on level 9 of the Dungeon.
             The game lasted 00:24:34 (9372 turns).

wayreth the Grappler (Demonspawn Berserker)         Turns: 9372, Time: 00:24:35

Health: 0/79       AC: 13    Str: 27    XL:     10   Next: 21%
Magic:  10/10      EV: 12    Int: 14    God:    Trog [***...]
Gold:   497        SH:  0    Dex: 14    Spells: 9/9 levels left

rFire   . .          .
                       - Unarmed
rCold   . . .        (no shield)
rNeg    + + .        p - +0 chain mail
rPois   .            (no helmet)
rElec   .            o - +1 cloak
rCorr   .            (no gloves)
SInv    .            (no boots)
Will    .....        (no amulet) Stlth
                     l - +6 ring of strength
HPRegen 0.33/turn    c - ring "Ojubix" {rN++ Int+6 Slay+2}
MPRegen 0.12/turn

%: no passive effects
@: mighty, about to teleport, slowed, very slow
A: hooves 2, foul stench 1, powered by pain 1, sturdy frame 1
a: Renounce Religion, Berserk, Trog's Hand


You were on level 9 of the Dungeon.
You worshipped Trog.
Trog was most pleased with you.
You visited 1 branch of the dungeon, and saw 9 of its levels.

You collected 497 gold pieces.

Inventory:

Missiles
 a - a throwing net (quivered)
Armour
 o - a +1 cloak (worn)
 p - a +0 chain mail (worn)
Jewellery
 b - a ring of positive energy
 c - the ring "Ojubix" (right hand) {rN++ Int+6 Slay+2}
   (You found it on level 2 of the Dungeon)

   [ring of intelligence]

   Int:       It affects your intelligence (+6).
   Slay:      It affects your accuracy & damage with ranged weapons and melee
   (+2).
   rN:        It greatly protects you from negative energy.
 f - a ring of flight
 l - a +6 ring of strength (left hand)
 m - a +6 ring of intelligence
 q - a ring of magical power
 x - a +6 ring of dexterity
Wands
 s - a wand of mindburst (12)
 w - a wand of roots (12)
 z - a wand of acid (4)
Scrolls
 d - 3 scrolls of blinking
 e - 5 scrolls of identify
 g - a scroll of fear
 i - a scroll of silence
 n - 2 scrolls of amnesia
 v - a scroll of poison {unknown}
 y - a scroll of enchant weapon {unknown}
Potions
 h - a potion of brilliance
 j - a potion of haste
 k - 2 potions of curing
 t - a potion of degeneration {unknown}
 u - a potion of berserk rage


   Skills:
 + Level 7.2 Fighting
 - Level 8.0 Armour
 + Level 6.1 Dodging
 * Level 8.1 Unarmed Combat


You had 9 spell levels left.
You didn't know any spells.
Your spell library was empty.

Dungeon Overview and Level Annotations

Branches:
Dungeon (9/15)             Temple (0/1) D:7
   Lair: D:8-11         Orc: D:9-12

Altars:
Cheibriados
Fedhas
Makhleb
Nemelex Xobeh
Okawaru
Qazlal
Ru
Sif Muna


Innate Abilities, Weirdness & Mutations

You have hoof-like feet.
You may rarely emit foul miasma when damaged in melee.
You sometimes gain a little power by taking damage.
Your movements are slightly less encumbered by armour. (ER -2)


Message History

You barely miss the wraith. You kick the wraith, but do no damage.
Your punch misses the wraith.
The wraith is severely damaged.
The wraith closely misses you.
You punch the wraith! Your kick misses the wraith.
The wraith is almost destroyed.
The wraith completely misses you.
A goblin zombie comes into view.
You punch the wraith!
You destroy the wraith!
Trog accepts your kill. The steam dragon breathes steam at you.
The ball of steam hits something!
The ball of steam hits you!
You focus on the pain.
You feel very mighty all of a sudden.
The shadow strikes at you from the darkness!
* * * LOW HITPOINT WARNING * * *
Reactivating autopickup.
The goblin zombie moves out of view.
You feel better.
You are engulfed in a cloud of scalding steam.
* * * LOW HITPOINT WARNING * * *
The shadow is engulfed in a cloud of scalding steam.
The shadow is destroyed!
You feel better.
You are engulfed in a cloud of scalding steam.
* * * LOW HITPOINT WARNING * * *
The steam dragon breathes steam at you. The ball of steam hits you.
* * * LOW HITPOINT WARNING * * *
You hear a bellow!
Blink to where?
Press: ? - help, Dir - move target You can't see that place.
Okay, then.
As you read the scroll of teleportation, it crumbles to dust.
You feel strangely unstable.
You are engulfed in a cloud of scalding steam.
The steam dragon bites you.
You die...

#......##...#
#..#....
#...ZZZ##...#
#..#....
#..YYYy##...#
#..#....
#.ZWWyyZ....#
#..#....
W..####.###O###...#
#.... .8.Z....# #.#
#...# ......
.W.W....# #O#
#..... ..#....
..Z....Z# #D#
#........#....
..####..# #@#
#...#### ####. Z
#..# #§# #...# #.
#..# #.# #...# ##
#..# #§# #..# #.#
#.# #.# #.# #.#


You could see a two-headed ogre and a steam dragon (catching breath).

Vanquished Creatures
  The ghost of rigao the Conjurer, a novice DgCj (D:7)
  2 wyverns (D:7)
  2 wraiths
  A vampire (D:6)
  An ice beast (D:5)
  An orc warrior (D:6)
  3 black bears
  A sky beast (D:7)
  4 ogres
  A centaur (D:8)
  2 kobold brigands (D:7)
  2 bullfrogs (D:7)
  5 scorpions
  2 gnoll sergeants (D:6)
  4 wights (D:5)
  A troll zombie (D:9)
  4 killer bees (D:9)
  An electric eel (D:7)
  5 howler monkeys
  6 jellies
  2 hounds
  7 orc priests
  Crazy Yiuf (D:3)
  A gnoll bouda (D:8)
  2 iguanas (D:5)
  4 orc wizards
  13 gnolls
  13 adders
  2 white imps
  2 ufetubi
  2 worms (D:2)
  2 dart slugs
  25 orcs
  6 ball pythons
  11 endoplasms
  2 giant cockroaches
  9 goblins
  11 hobgoblins
  7 jackals
  18 kobolds
  4 quokkas
  4 bats
  A frilled lizard (D:2)
  3 goblin zombies (D:9)
  An orc skeleton (D:9)
  A rat (D:2)
203 creatures vanquished.

Vanquished Creatures (others)
  A shadow (D:9)
1 creature vanquished.

Grand Total: 204 creatures vanquished

Notes
Turn   | Place    | Note
-------+----------+-------------------------------------------
     0 | D:1      | wayreth the Demonspawn Berserker began the quest for the
                  | Orb.
     0 | D:1      | Reached XP level 1. HP: 18/18 MP: 1/1
   509 | D:1      | Gained mutation: You have large cloven feet. [demonic
                  | ancestry]
   509 | D:1      | Reached XP level 2. HP: 19/24 MP: 2/2
   959 | D:2      | Reached XP level 3. HP: 19/30 MP: 3/3
  1234 | D:2      | Identified the ring "Ojubix" {rN++ Int+6 Slay+2}
  1372 | D:2      | Gained mutation: You may rarely emit foul miasma when
                  | damaged in melee. [demonic ancestry]
  1372 | D:2      | Reached XP level 4. HP: 38/38 MP: 4/4
  1372 | D:2      | Reached ** piety under Trog
  1559 | D:2      | Found a faded altar of an unknown god.
  1623 | D:2      | Reached skill level 5 in Fighting
  2163 | D:3      | Found a runed translucent door.
  2164 | D:3      | Noticed Crazy Yiuf
  2176 | D:3      | Killed Crazy Yiuf
  2177 | D:3      | Reached XP level 5. HP: 37/46 MP: 5/5
  2400 | D:3      | Noticed an ogre
  2407 | D:3      | Killed an ogre
  2466 | D:3      | Found a shimmering blue altar of Sif Muna.
  2604 | D:3      | Gained mutation: You have hoof-like feet. [demonic
                  | ancestry]
  2604 | D:3      | Reached XP level 6. HP: 35/53 MP: 6/6
  3124 | D:4      | Gained mutation: Your movements are slightly less
                  | encumbered by armour. (ER -2) [demonic ancestry]
  3124 | D:4      | Reached XP level 7. HP: 6/60 MP: 7/7
  4018 | D:5      | Entered Level 5 of the Dungeon
  4066 | D:5      | Found a burning altar of Makhleb.
  4101 | D:5      | Reached skill level 5 in Dodging
  4701 | D:5      | Reached XP level 8. HP: 67/67 MP: 8/8
  5009 | D:5      | Reached *** piety under Trog
  5496 | D:5      | Reached skill level 5 in Unarmed Combat
  6211 | D:6      | Found a sparkling altar of Nemelex Xobeh.
  6466 | D:6      | Gained mutation: You sometimes gain a little power by
                  | taking damage. [demonic ancestry]
  6466 | D:6      | Reached XP level 9. HP: 52/72 MP: 9/9
  6963 | D:7      | Found a large runed translucent door.
  6963 | D:7      | Found a large runed translucent door.
  7002 | D:7      | Noticed rigao's ghost (novice DgCj)
  7037 | D:7      | Found a staircase to the Ecumenical Temple.
  7154 | D:7      | Reached skill level 5 in Armour
  8158 | D:7      | Found a sacrificial altar of Ru.
  8159 | D:7      | Found a snail-covered altar of Cheibriados.
  8160 | D:7      | Found an iron altar of Okawaru.
  8231 | D:7      | Killed rigao's ghost
  8393 | D:8      | Reached XP level 10. HP: 63/79 MP: 10/10
  8728 | D:8      | Found a blossoming altar of Fedhas.
  8729 | D:8      | Found a stormy altar of Qazlal.
  9365 | D:9      | Noticed a two-headed ogre
  9372 | D:9      | Slain by a steam dragon

Illustrated notes

Levels and vault maps discovered:
D:1:      mrwooster_arrival_statue_3, layout_rooms, nicolae_eternal_life
D:2:      layout_basic, shapermc_ecumenical_altar_mp_vishouse,
          minmay_misc_feat_plants, eino_curves_01, minivault_24
D:3:      layout_rooms, kennysheep_orc_sif_temple, uniq_crazy_yiuf_cottage
D:4:      layout_rooms
D:5:      minmay_evil_eye, layout_basic, lemuel_tele_altar,
          small_statue_intersection, kennysheep_generic_room_13
D:6:      layout_cave_pods, nemelex_dance_club_becter
D:7:      layout_loops_corners, mainiacjoe_overflow_alcove_3,
          minmay_temple_entry_statues_fountains, ebering_ghost_disaster_area,
          kennysheep_generic_room_2
D:8:      layout_layer_cave, grunt_temple_overflow_forces_of_nature,
          david_defended_altar_orc
D:9:      layout_long_grid, trog_wizard, zombieorc2_lemuel, serial_shops,
          nicolae_shop_tiny_glass, lemuel_flame_loot_1, uniq_psyche

Skill      XL: |  1  2  3  4  5  6  7  8  9 10 |
---------------+-------------------------------+-----
Fighting       | 4 5 6 7 |  7.2
Dodging        | 3 6 |  6.1
Unarmed Combat | 3 7 8 |  8.1
Armour         | 2 8 |  8.0

Action                     |  1- 3 |  4- 6 |  7- 9 | 10-12 || total
---------------------------+-------+-------+-------+-------++-------
  Melee: Unarmed           |   106 |   101 |   340 |    82 ||   629
         Punch             |     3 |     2 |    15 |     7 ||    27
         Kick              |    17 |    26 |   102 |    32 ||   177
 Invoke: Berserk           |     3 |     3 |     7 |     1 ||    14
         Trog's Hand       |       |     1 |     3 |     1 ||     5
    Use: Scroll            |     3 |     2 |     7 |     2 ||    14
         Potion            |     3 |     1 |     4 |     2 ||    10
   Stab: Sleeping          |     3 |     1 |     1 |       ||     5
         Fleeing           |     1 |       |       |       ||     1
 Armour: Animal skin       |    26 |    18 |    39 |       ||    83
         Chain mail        |       |       |    53 |    35 ||    88
  Dodge: Dodged            |    67 |    63 |   227 |    65 ||   422

Table legend: (Time is in decaauts)
 A = Elapsed time spent in this place.
 B = Non-inter-level travel time spent in this place.
 C = Inter-level travel time spent in this place.
 D = Time resting spent in this place.
 E = Time spent auto-exploring this place.
 F = Levels seen in this place.
 G = Mean time per level.
                   A        B        C        D        E       F      G
               +--------+--------+--------+--------+--------+-----+--------+
         Total |   9460 |   9181 |    279 |   2236 |   5391 |   9 | 1051.1 |
       Dungeon |   9460 |   9181 |    279 |   2236 |   5391 |   9 | 1051.1 |
               +--------+--------+--------+--------+--------+-----+--------+

Top non-repeatable levels by time:
     D:5: 1617 daAuts
     D:7: 1444 daAuts
     D:6: 1354 daAuts
     D:2: 1202 daAuts
     D:4: 1154 daAuts
     D:3: 1015 daAuts
     D:1: 680 daAuts
     D:8: 676 daAuts
     D:9: 315 daAuts
